 Dungeon Crawl Stone Soup version 0.16.1-2-g95b8d4c (console) character file.

70 gw the Magician (level 4, -7/32 HPs)
             Began as a Human Wizard on Mar 25, 2015.
             Mangled by Sigmund
             ... wielding a +0 scythe
              (10 damage)
             ... on level 2 of the Dungeon.
             The game lasted 00:02:12 (2089 turns).

gw the Magician (Human Wizard)                      Turns: 2089, Time: 00:02:12

Health: -7/32      AC:  4    Str:  7    XL:     4   Next: 45%
Magic:  3/9        EV: 12    Int: 20    God:
Gold:   85         SH:  0    Dex: 11    Spells: 1 memorised, 8 levels left

rFire  . . .     SeeInvis .     a - +1 short sword
rCold  . . .     Clarity  .     e - +0 robe
rNeg   . . .     SustAb   .     (no shield)
rPois  .         Gourm    .     j - +0 helmet
rElec  .         Spirit   .     (no cloak)
rCorr  .         Warding  .     o - +0 pair of gloves
rMut   .         Stasis   .     (no boots)
MR     .....                    (no amulet)
Stlth  ++........               (no ring)
                                (no ring)

@: not resistant to hostile enchantments, unstealthy
A: no striking features
a: no special abilities


You were on level 2 of the Dungeon.
You were hungry.

You visited 1 branch of the dungeon, and saw 2 of its levels.

You collected 85 gold pieces.

Inventory:

Hand weapons
 a - a +1 short sword (weapon)
Missiles
 h - 63 stones (quivered)
Armour
 e - a +0 robe (worn)
 j - a +0 helmet (worn)
 o - a +0 pair of gloves (worn)
Scrolls
 g - 3 scrolls of identify
Books
 c - a book of Minor Magic

   Spells                             Type                      Level
   a - Magic Dart                     Conjuration                  1
   b - Blink                          Translocation                2
   c - Call Imp                       Summoning                    2
   d - Repel Missiles                 Charms/Air                   2
   e - Slow                           Hexes                        2
   f - Conjure Flame                  Conjuration/Fire             3
   g - Mephitic Cloud                 Conjuration/Poison/Air       3
Comestibles
 d - 2 bread rations
 i - a beef jerky


   Skills:
 + Level 1.2 Fighting
 + Level 0.8 Short Blades
 + Level 1.3 Armour
 - Level 2.0 Dodging
 - Level 2.0 Stealth
 + Level 3.3 Spellcasting
 * Level 2.4 Conjurations
   Level 1.0 Summonings
   Level 1.0 Translocations


You had 8 spell levels left.
You knew the following spells:

 Your Spells              Type           Power        Failure   Level  Hunger
a - Magic Dart            Conj           ##..         6%          1    None


Dungeon Overview and Level Annotations

Branches:
Dungeon (2/15)

Altars:

Annotations:
D:2 Sigmund


Message History

Your +0 robe unmelds from your body.
Something hits you but does no damage.
Unknown command.
Unknown command.
Unknown command.
Unknown command.
MOVING TO (1,0) Unknown command.
Unknown command.
Unknown command.
ATTACKING (-1,0)
You swing at nothing.
You hear some strange, mumbled words.
Something tries to affect you, but you resist.
Unknown command.
Unknown command.
Unknown command.
Unknown command.
ATTACKING (1,0)
You swing at nothing.
Something hits you!
You die...

. ............ ...
..##..#..### ###.. #.....#
# ...... #.....### .......
.....#.#.<.. ....... #
#.......... ....... .#
#.....#.... ....%...####.#
##......... ....)...(.p..#
#......... .......(#.#####
###...... ..(....##(#
#...... ..(...##..# ##.....
#(#...(## ##.... ##..##
#..... #....# #.%...
##.##..###############).)..
#.....................[....


There were no monsters in sight!

Table legend:
 A = Turns spent in this place as a percentage of turns spent in the entire game.
 B = Non-inter-level travel turns spent in this place as a percentage of non-inter-level travel turns spent in the entire game.
 C = Inter-level travel turns spent in this place as a percentage of turns spent in this place.
 D = Turns resting spent in this place as a percentage of non-inter-level travel turns spent in this place.
 E = Turns spent auto-exploring this place as a percentage of non-inter-level travel turns spent in this place.
 F = Non-inter-level travel turns spent in this place divided by the number of levels of this place that you've seen.
                   A       B       C       D       E      F
               +-------+-------+-------+-------+-------+----------------------
         Total | 100.0 | 100.0 |   0.3 |   4.1 |   2.6 | 1381.5
       Dungeon | 100.0 | 100.0 |   0.3 |   4.1 |   2.6 | 1381.5
               +-------+-------+-------+-------+-------+----------------------

Table legend:
 A = Kills in this place as a percentage of kills in entire the game.
 B = Kills by you in this place as a percentage of kills by you in the entire game.
 C = Kills by friends in this place as a percentage of kills by friends in the entire game.
 D = Other kills in this place as a percentage of other kills in the entire game.
 E = Experience gained in this place as a percentage of experience gained in the entire game.
 F = Experience gained in this place divided by the number of levels of this place that you have seen.
                   A       B       C       D       E      F
               +-------+-------+-------+-------+-------+----------------------
         Total | 100.0 | 100.0 |  -nan |  -nan | 100.0 |  50.5
       Dungeon | 100.0 | 100.0 |  -nan |  -nan | 100.0 |  50.5
               +-------+-------+-------+-------+-------+----------------------

Vanquished Creatures
  Robin (D:2)
  An adder (D:2)
  A giant gecko (D:1)
  2 giant cockroaches (D:1)
  10 goblins
  11 hobgoblins
  6 kobolds
  3 ball pythons
  2 bats (D:2)
  2 jackals (D:1)
  8 rats
47 creatures vanquished.

Notes
Turn   | Place    | Note
--------------------------------------------------------------
     0 | D:1      | gw, the Human Wizard, began the quest for the Orb.
     0 | D:1      | Reached XP level 1. HP: 13/13 MP: 4/4
   271 | D:1      | Reached XP level 2. HP: 19/19 MP: 1/6
   632 | D:1      | Reached skill level 1 in Armour
   847 | D:1      | Reached XP level 3. HP: 22/25 MP: 5/8
  1662 | D:2      | Reached skill level 1 in Fighting
  1662 | D:2      | Reached XP level 4. HP: 30/32 MP: 3/9
  1720 | D:2      | Noticed Robin
  1741 | D:2      | Killed Robin
  2038 | D:2      | Noticed Sigmund
  2089 | D:2      | Mangled by Sigmund

Action                   |  1- 3 |  4- 6 || total
-------------------------+-------+-------++-------
Melee: Short sword       |    15 |    12 ||    27
Throw: Javelin           |     2 |     2 ||     4
       Stone             |       |    13 ||    13
 Cast: Magic Dart        |    88 |    24 ||   112
  Use: Scroll            |     4 |       ||     4
       Potion            |     2 |       ||     2
  Eat: Chunk             |     2 |     1 ||     3

Vault maps used:
D:1:      minmay_arrival_checkered_box, hangedman_abyss_or_decor_lesser_grid
D:2:      uniq_iyjb, uniq_crazy_yiuf_cottage, uniq_robin, uniq_sigmund
